 Dungeon Crawl Stone Soup version 0.18-a0-596-g6468885 (webtiles) character file.

35 M4edhros the Charlatan (level 3, 0/23 HPs)
             Began as an Octopode Artificer on Dec 3, 2015.
             Succumbed to an adder's poison
             ... on level 2 of the Dungeon.
             The game lasted 00:01:11 (728 turns).

M4edhros the Charlatan (Octopode Artificer)          Turns: 728, Time: 00:01:11

Health: 0/23       AC:  1    Str: 10    XL:     3   Next: 35%
Magic:  5/6        EV: 12    Int: 15    God:
Gold:   52         SH:  0    Dex: 12    Spells: 0 memorised, 2 levels left

rFire  . . .     SeeInvis .     a - +0 short sword
rCold  . . .     Clarity  .     (no shield)
rNeg   . . .     SustAt   .     (helmet restricted)
rPois  .         Gourm    .     k - amulet of faith
rElec  .         Spirit   .     l - ring of flight
rCorr  .         Dismiss  .     (no ring)
rMut   .         Stasis   .     (no ring)
MR     .....                    (no ring)
Stlth  +++.......               (no ring)
                                (no ring)
                                (no ring)
                                (no ring)

@: lethally poisoned (0 -> -5), very slightly contaminated, hasted, very quick,
not resistant to hostile enchantments, fairly stealthy
A: almost no armour, amphibious, 8 rings, constrict 8, camouflage 1, gelatinous
body 1
a: Evoke Flight


You were on level 2 of the Dungeon.
You were not hungry.

You visited 1 branch of the dungeon, and saw 2 of its levels.

You collected 52 gold pieces.

Inventory:

Hand Weapons
 a - a +0 short sword (weapon)
 n - a +0 hunting sling
Missiles
 f - 2 stones (quivered)
Jewellery
 k - an amulet of faith (around mantle)
 l - a ring of flight (left tentacle)
Wands
 b - a wand of flame (11)
 c - a wand of enslavement (15)
 d - a wand of random effects (15)
Scrolls
 g - 2 scrolls of identify {unknown}
 h - a scroll of teleportation {unknown}
 i - 2 scrolls of enchant weapon {unknown}
 j - a scroll of immolation {unknown}
 m - a scroll of recharging {unknown}
 o - a scroll of noise {unknown}
Comestibles
 e - 2 bread rations


   Skills:
 - Level 1.0 Fighting
 - Level 1.0 Short Blades
 * Level 0.6 Slings
 + Level 2.1 Dodging
 + Level 3.0 Stealth
 + Level 4.0 Evocations


You had 2 spell levels left.
You didn't know any spells.

Dungeon Overview and Level Annotations

Branches:
Dungeon (2/15)

Altars:


Innate Abilities, Weirdness & Mutations

You cannot wear most types of armour.
You are amphibious.
You can wear up to eight rings at the same time.
You can use your tentacles to constrict eight enemies at once.
Your skin changes colour to match your surroundings (Stealth).
Your rubbery body absorbs attacks (AC +1).


Message History

You are lethally poisoned!
The adder poisons you!
Drink which item? (? for menu, Esc to quit)
It was a potion of haste.
You feel yourself speed up.
You constrict the adder.
* * * LOW HITPOINT WARNING * * *
You feel sick. The adder bites you.
* * * LOW HITPOINT WARNING * * *
You are very lightly contaminated with residual magic.
Unknown command.
You barely miss the adder. You squeeze the adder.
You kill the adder!
Your Stealth skill increases to level 3!
Your Evocations skill increases to level 4!
* * * LOW HITPOINT WARNING * * *
You feel sick.
* * * LOW HITPOINT WARNING * * *
You feel sick.
* * * LOW HITPOINT WARNING * * *
You feel sick.
You die...

#) .# .. .##
#.##### ..#
#.>.<.# #.#
#####.#### #.#
#....# #@#
####.#####.#####
#...........#
#####..........#
#..............#
#..............#
$......#.........#
.......#.....?...#
.##....#.........#


There were no monsters in sight!

Vanquished Creatures
  An adder (D:2)
  An ooze (D:1)
  2 ball pythons (D:1)
  2 giant cockroaches (D:1)
  5 goblins (D:1)
  3 hobgoblins (D:1)
  A bat (D:1)
  2 giant newts (D:1)
  A kobold (D:1)
  2 rats (D:1)
20 creatures vanquished.

Notes
Turn   | Place    | Note
--------------------------------------------------------------
     0 | D:1      | M4edhros the Octopode Artificer began the quest for the Orb.
     0 | D:1      | Reached XP level 1. HP: 13/13 MP: 3/3
   106 | D:1      | Reached XP level 2. HP: 18/18 MP: 4/4
   441 | D:1      | Reached XP level 3. HP: 7/23 MP: 5/5
   719 | D:2      | Reached skill level 4 in Evocations
   722 | D:2      | HP: 1/23 [poisoned by an adder]
   728 | D:2      | Succumbed to an adder's poison

Vault maps used:
D:1:      dpeg_arrival_tiny_a, minmay_fountain_box
D:2:      kennysheep_nondescript

Action                   || total
-------------------------++-------
Melee: Short sword       ||    37
 Fire: Hunting sling     ||     2
Evoke: Wand              ||     4
  Use: Potion            ||     1
 Stab: Sleeping          ||     4
